 Dungeon Crawl Stone Soup version 0.27-a0-819-g058290f16d (webtiles) character file.

Game seed: 2442769079237286654

736 polve the Slasher (level 7, -1/52 HPs)
             Began as a Demonspawn Abyssal Knight on Mar 29, 2021.
             Was a Priest of Lugonu.
             Slain by an ogre
             ... wielding a +0 giant club
              (12 damage)
             ... on level 5 of the Dungeon.
             The game lasted 00:04:41 (6415 turns).

polve the Slasher (Demonspawn Abyssal Knight)       Turns: 6415, Time: 00:04:43

Health: -1/52      AC: 10    Str: 13    XL:     7   Next: 46%
Magic:  8/8        EV:  6    Int: 15    God:    Lugonu [***...]
Gold:   253        SH:  0    Dex: 12    Spells: 6/6 levels left

rFire    . . .     SeeInvis .   t - +0 scimitar
rCold    . . .     Faith    .   (no shield)
rNeg     . . .     Spirit   .   g - +0 chain mail
rPois    .         Reflect  .   c - +0 helmet
rElec    .         Harm     .   (no cloak)
rCorr    .         Rampage  .   h - +0 pair of gloves
Will     .....                  (no boots)
Stlth    ..........             (no amulet)
HPRegen  0.17/turn              (no ring)
MPRegen  0.11/turn              (no ring)

@: no status effects
A: demonic magic 1
a: Renounce Religion, Depart the Abyss, Bend Space, Banish


You were on level 5 of the Dungeon.
You worshipped Lugonu.
Lugonu was most pleased with you.
You visited 1 branch of the dungeon, and saw 5 of its levels.
You visited the Abyss 1 time.

You collected 253 gold pieces.

Inventory:

Hand Weapons
 t - a +0 scimitar (weapon)
Armour
 c - a +0 helmet (worn)
 g - a +0 chain mail (worn)
 h - a +0 pair of gloves (worn)
Scrolls
 e - a scroll of enchant armour {unknown}
 f - a scroll of fear {unknown}
 i - 2 scrolls of amnesia {unknown}
 j - 3 scrolls of enchant weapon {unknown}
 k - a scroll of teleportation {unknown}
 n - a scroll of blinking {unknown}
 q - a scroll of immolation {unknown}
 s - 2 scrolls of identify {unknown}
 u - a scroll of vulnerability {unknown}
 v - a scroll of torment {unknown}
Potions
 a - 2 potions of degeneration {unknown}
 b - 2 potions of flight {unknown}
 d - a potion of haste {unknown}
 l - a potion of cancellation {unknown}
 m - a potion of lignification {unknown}
 o - a potion of curing {unknown}
 p - a potion of might {unknown}
 r - a potion of attraction {unknown}


   Skills:
 - Level 3.0 Fighting
 + Level 7.8 Long Blades
 - Level 1.7 Armour
 - Level 0.8 Dodging
 - Level 2.4 Invocations


You had 6 spell levels left.
You didn't know any spells.
Your spell library contained the following spells:

 Spells                   Type           Power      Damage    Failure   Level
 Confusing Touch          Hex            0%         N/A       100%        3
 Gell's Gravitas          Tloc           0%         N/A       100%        3
 Petrify                  Tmut/Erth      0%         N/A       100%        4
 Metabolic Englaciation   Hex/Ice        0%         N/A       100%        5
 Yara's Violent Unravell  Hex/Tmut       0%         3d3       100%        5


Dungeon Overview and Level Annotations

Branches:
Dungeon (5/15)
 Temple: D:4-7

Altars:

Shops:
D:1 =


Innate Abilities, Weirdness & Mutations

Spells you cast may paralyse adjacent enemies.


Message History

The gnoll hits you but does no damage.
You slash the gnoll!
You kill the gnoll!
Lugonu accepts your kill.
You closely miss the gnoll. The gnoll completely misses you.
You riposte.
Your chain mail prevents you from hitting the gnoll.
You closely miss the gnoll. The gnoll barely misses you.
You hit the gnoll.
The gnoll is lightly wounded.
The gnoll barely misses you.
You riposte.
You hit the gnoll.
The gnoll is heavily wounded.
You hit the gnoll but do no damage.
The gnoll is heavily wounded.
The gnoll hits you but does no damage.
You slash the gnoll!
You kill the gnoll!
Lugonu accepts your kill.
You now have 253 gold pieces (gained 13).
Items here: ))) [[ †.
An ogre comes into view. It is wielding a +0 giant club.
There is an open door here.
An ogre is nearby!
You hit the ogre.
The ogre is lightly wounded.
The ogre hits you with a +0 giant club!
You slash the ogre!
The ogre is moderately wounded.
The ogre hits you with a +0 giant club!
You hit the ogre.
The ogre is heavily wounded.
The ogre completely misses you.
You riposte.
You barely miss the ogre.
The ogre is heavily wounded.
You hit the ogre.
The ogre is severely wounded.
The ogre hits you with a +0 giant club!
* * * LOW HITPOINT WARNING * * *
You hit the ogre.
The ogre is severely wounded.
The ogre hits you with a +0 giant club!
You die...

#.# #.##.# #g# ######
#.###.##.###.....## #.####.....
#......g.##.......###g##.#.###.
###..g####.........##......# #.
#....<..'.........+.......###.
##...####.........##.###g.g...
#..## #.......# #.+ +.##.##
#.## #..O..# ### #....# #...
#.@.# #.##.# #.... ##'######
#.##.# #..... #......# #.##.#
....... ##.####.# #>#..#
...##.......# #.#..#
#......###.# #.#..#
###.....##.# #<...#
##...###.#######.##
#...........)...#


You could see an ogre.

Vanquished Creatures
  A necrophage (D:4)
  An ogre (D:5)
  A phantom (D:4)
  A gnoll sergeant (D:5)
  A scorpion (D:2)
  2 hounds (D:4)
  A jelly (D:4)
  A bullfrog skeleton (D:5)
  2 hound skeletons (D:4)
  4 adders
  10 gnolls
  An adder zombie (D:4)
  3 adder skeletons
  2 worms (D:3)
  5 dart slugs
  4 orcs (D:3)
  2 endoplasms
  2 giant cockroaches
  3 goblins
  10 hobgoblins
  9 jackals (D:1)
  7 quokkas
  11 ball pythons
  2 bats
  6 frilled lizards
  5 kobolds
  3 rats
100 creatures vanquished.

Notes
Turn   | Place    | Note
-------+----------+-------------------------------------------
     0 | Abyss:1  | polve the Demonspawn Abyssal Knight began the quest for the
                  | Orb.
     0 | Abyss:1  | Reached XP level 1. HP: 18/18 MP: 2/2
   133 | Abyss:2  | Noticed a ynoxinul
   138 | Abyss:2  | Noticed a ynoxinul
   143 | Abyss:2  | Noticed a raiju
   144 | D:1      | Escaped the Abyss
   224 | D:1      | Reached * piety under Lugonu
   225 | D:1      | Reached skill level 2 in Long Blades
   418 | D:1      | Gained mutation: Spells you cast may paralyse adjacent
                  | enemies. [demonic ancestry]
   418 | D:1      | Reached XP level 2. HP: 19/24 MP: 3/3
   544 | D:1      | Found Wasija's Jewellery Boutique.
   815 | D:1      | Reached skill level 3 in Long Blades
  1169 | D:1      | Reached XP level 3. HP: 9/29 MP: 4/4
  1869 | D:2      | Noticed a scorpion
  1885 | D:2      | Killed a scorpion
  1886 | D:2      | Reached skill level 4 in Long Blades
  1886 | D:2      | Reached XP level 4. HP: 18/35 MP: 5/5
  2076 | D:2      | Reached ** piety under Lugonu
  2689 | D:3      | Reached XP level 5. HP: 27/41 MP: 6/6
  3558 | D:3      | Reached skill level 5 in Long Blades
  4045 | D:4      | Noticed a phantom
  4208 | D:4      | Killed a phantom
  4209 | D:4      | Reached XP level 6. HP: 20/47 MP: 7/7
  4465 | D:4      | Reached skill level 6 in Long Blades
  5275 | D:4      | Reached *** piety under Lugonu
  5398 | D:4      | Reached skill level 7 in Long Blades
  5398 | D:4      | Reached XP level 7. HP: 45/52 MP: 8/8
  5655 | D:5      | Entered Level 5 of the Dungeon
  6415 | D:5      | Slain by an ogre

Illustrated notes

Levels and vault maps discovered:
D:1:      matt_arrival_grand_opening, layout_basic, serial_shops, shop,
          minivault_27
D:2:      layout_loops_cross
D:3:      layout_basic
D:4:      layout_loops_ring
D:5:      cheibrodos_two_vegetables, layout_loops_corners, kennysheep_mini,
          nzn_wu_jian_council_hall, tgw_kikubaaqudgha

Skill      XL: |  1  2  3  4  5  6 |
---------------+-------------------+-----
Long Blades    | 2 3 4 5 7 |  7.8
Fighting       | |  3.0
Armour         | |  1.7
Dodging        | |  0.8
Invocations    | |  2.4

Action                   |  1- 3 |  4- 6 |  7- 9 || total
-------------------------+-------+-------+-------++-------
Melee: Falchion          |   132 |   248 |       ||   380
       Scimitar          |       |    28 |    46 ||    74
Invok: Depart the Abyss  |     1 |       |       ||     1
Armor: Chain mail        |   101 |   139 |    13 ||   253
Dodge: Dodged            |    43 |    71 |    14 ||   128
       Rpst.: Falchion   |    16 |    25 |       ||    41
       Scimitar          |       |     1 |     6 ||     7

Table legend: (Time is in decaauts)
 A = Elapsed time spent in this place.
 B = Non-inter-level travel time spent in this place.
 C = Inter-level travel time spent in this place.
 D = Time resting spent in this place.
 E = Time spent auto-exploring this place.
 F = Levels seen in this place.
 G = Mean time per level.
                   A        B        C        D        E       F      G
               +--------+--------+--------+--------+--------+-----+--------+
         Total |   6452 |   6276 |    176 |      0 |   5307 |   7 |  921.7 |
       Dungeon |   6308 |   6132 |    176 |      0 |   5229 |   5 | 1261.6 |
         Abyss |    144 |    144 |      0 |      0 |     78 |   2 |   72.0 |
               +--------+--------+--------+--------+--------+-----+--------+

Top non-repeatable levels by time:
     D:4: 1671 daAuts
     D:1: 1603 daAuts
     D:3: 1558 daAuts
     D:2: 928 daAuts
     D:5: 547 daAuts
 Abyss:2: 95 daAuts
 Abyss:1: 49 daAuts
